[Event "Titled Tuesday Blitz November 08 Early 2022"]
[White "Yurovskykh, Oleksandr"]
[Black "Melikhov, Evgeny V."]
[WhiteFideId "14134020"]
[BlackFideId "4122046"]
[WhiteElo "2265"]
[BlackElo "2169"]
[Result "1-0"]
[Round "10"]
[TimeControl "180+1"]
[Date "2022.11.09"]
[WhiteClock "0:01:14"]
[BlackClock "0:00:09"]

1. d4 Nf6 2. Nf3 d5 3. Bf4 c5 4. e3 Nc6 5. c3 Qb6 6. Qc2 Bf5 7. dxc5 Bxc2 8. cxb6 axb6 9. Na3 Bg6 10. Nb5 Ra5 11. Be2 Kd7 12. O-O Nh5 13. Bg5 h6 14. Bh4 e6 15. Rfd1 Kc8 16. a3 Bc2 17. Rd2 Be4 18. c4 g5 19. Bg3 Nxg3 20. hxg3 Be7 21. cxd5 exd5 22. Nc3 Rd8 23. Rad1 Bf6 24. Nd4 Nxd4 25. exd4 Kd7 26. Bf3 Bxf3 27. gxf3 Kd6 28. Kf1 Re8 29. Re1 Raa8 30. g4 Rxe1+ 31. Kxe1 Re8+ 32. Kd1 Rh8 33. Kc2 h5 34. gxh5 Rxh5 35. Kd3 Rh3 36. Ke2 Bg7 37. Nb5+ Kc6 38. a4 f5 39. Rc2+ Kd7 40. Rc7+ Ke6 41. Rxg7 g4 42. fxg4 Rb3 43. Rg6+ Kf7 44. gxf5 Rxb2+ 45. Ke3 Rb3+ 46. Kf4 Rb4 47. Rxb6 Rxa4 48. Rxb7+ Kf6 49. Rb6+ Kf7 50. Ke5 1-0


[Site "https://www.chess.com"]

[Event "Titled Tuesday Blitz November 08 Early 2022"]
[White "Zainullina, Nataliya"]
[Black "Tarnowska, Aleksandra"]
[WhiteFideId "4145488"]
[BlackFideId "1180967"]
[WhiteElo "2084"]
[BlackElo "1776"]
[Result "1/2-1/2"]
[Round "10"]
[TimeControl "180+1"]
[Date "2022.11.09"]
[WhiteClock "0:00:05"]
[BlackClock "0:00:07"]

1. e4 c5 2. Nf3 e6 3. b3 Nc6 4. Bb5 Qc7 5. Bxc6 bxc6 6. O-O d5 7. d3 Nf6 8. e5 Nd7 9. Re1 Be7 10. a4 a5 11. Nbd2 Ba6 12. Nf1 Nb6 13. Ne3 d4 14. Nf1 Nd5 15. Bd2 h5 16. Ng3 h4 17. Ne4 h3 18. g3 f6 19. Qe2 O-O-O 20. c3 dxc3 21. Bxc3 Nxc3 22. Nxc3 Rxd3 23. exf6 Bxf6 24. Qxe6+ Kb7 25. Ne4 Rxf3 26. Nxc5+ Ka7 27. Rad1 Rd8 28. Nxa6 Kxa6 29. Qe2+ Kb7 30. Qxf3 Bd4 31. Re2 Bxf2+ 32. Rxf2 Rxd1+ 33. Rf1 Rxf1+ 34. Qxf1 Qb6+ 35. Kh1 Qxb3 36. Qxh3 Qd1+ 37. Kg2 Qc2+ 38. Kg1 Qxa4 39. Qd7+ Kb6 40. Qxg7 Qd1+ 41. Kg2 Qe2+ 42. Kh3 Qe6+ 43. Kg2 Qd5+ 44. Kh3 a4 45. Qb2+ Qb5 46. Qf2+ Ka6 47. g4 Qb3+ 48. Kh4 a3 49. Qf8 a2 50. Qa8+ Kb5 51. Qb7+ Ka4 52. Qxc6+ Ka3 53. Qa6+ Kb2 54. Qe2+ Qc2 55. Qb5+ Kc1 56. Qf1+ Kd2 57. Qf2+ Kd3 58. Qf3+ Kc4 59. Qc6+ Kd3 60. Qd5+ Kc3 61. Qc5+ Kb2 62. Qb4+ Qb3 63. Qd2+ Ka3 64. Qa5+ Kb2 65. Qd2+ Qc2 66. Qb4+ Kc1 67. Qe1+ Qd1 68. Qc3+ Qc2 69. Qe1+ Kb2 70. Qb4+ 1/2-1/2


[Site "https://www.chess.com"]

[Event "Titled Tuesday Blitz November 08 Early 2022"]
[White "Zaksaite, Salomeja"]
[Black "Johnson, Ben"]
[WhiteFideId "12801496"]
[BlackFideId "2010917"]
[WhiteElo "2079"]
[BlackElo "2135"]
[Result "1-0"]
[Round "10"]
[TimeControl "180+1"]
[Date "2022.11.09"]
[WhiteClock "0:00:06"]
[BlackClock "0:00:02"]

1. e4 c5 2. Nf3 Nc6 3. Bb5 g6 4. O-O Bg7 5. Bxc6 dxc6 6. d3 Bg4 7. h3 Bxf3 8. Qxf3 e5 9. a3 Qe7 10. b4 cxb4 11. axb4 Nf6 12. Nd2 O-O 13. Nc4 h6 14. Bd2 Nd7 15. Ra5 Nb6 16. Rfa1 Nxc4 17. dxc4 Rad8 18. Be3 Qxb4 19. Bc5 Qxc4 20. Bxf8 Bxf8 21. Rxa7 Qb5 22. c4 Qb6 23. Ra8 Rxa8 24. Rxa8 Kg7 25. Kh2 Qd4 26. Rb8 Qd7 27. Qc3 Qc7 28. Re8 Bc5 29. g3 Bxf2 30. Qxe5+ Qxe5 31. Rxe5 Kf6 32. Re8 h5 33. Kg2 Bd4 34. Rb8 b6 35. Rc8 Ke5 36. Kf3 Kd6 37. Rf8 f6 38. Rf7 g5 39. Rh7 b5 40. cxb5 cxb5 41. Rxh5 b4 42. Rh7 Kc6 43. Rh8 b3 44. Rb8 Bb6 45. Rc8+ Kb5 46. Rc1 Kb4 47. Rb1 Bd4 48. h4 gxh4 49. gxh4 b2 50. h5 Kc5 51. h6 Kc4 52. Kg4 Kc3 53. Kf5 Kc2 54. Rxb2+ Kxb2 55. h7 Kc3 56. h8=Q Kd3 57. Qe8 Kc4 58. Qe6+ Kc3 59. Qd7 Kd3 60. Qd5 Ke3 61. Qe6 Bc3 62. Qa6 Be5 63. Qb5 Bd4 64. Qc4 Bb2 65. Kg4 Be5 66. Kf5 Kf3 67. Qd3+ Kf2 68. Kg4 Ke1 69. Kf3 Bc3 70. Qe2# 1-0


[Site "https://www.chess.com"]

[Event "Titled Tuesday Blitz November 08 Early 2022"]
[White "Zaragatski, Ilja"]
[Black "Nouri, Alekhine"]
[WhiteFideId "4655192"]
[BlackFideId "5216184"]
[WhiteElo "2460"]
[BlackElo "2151"]
[Result "0-1"]
[Round "10"]
[TimeControl "180+1"]
[Date "2022.11.09"]
[WhiteClock "0:00:02"]
[BlackClock "0:01:16"]

1. g3 c5 2. Bg2 g6 3. c4 Bg7 4. Nc3 Nc6 5. a3 d6 6. Rb1 Nf6 7. b4 cxb4 8. axb4 O-O 9. Nf3 Bg4 10. O-O Bxf3 11. Bxf3 Nd7 12. Bg2 Rc8 13. Nd5 Nb6 14. d3 Nxd5 15. Bxd5 e6 16. Bg2 d5 17. cxd5 exd5 18. b5 Nd4 19. e3 Ne6 20. Ba3 Re8 21. d4 Qa5 22. Qb3 Rc3 23. Bb4 Rxb3 24. Bxa5 Rxb1 25. Rxb1 b6 26. Bb4 Rd8 27. Ra1 Rd7 28. Rc1 Bf8 29. Rc8 Kg7 30. Bxf8+ Nxf8 31. Kf1 Ne6 32. Ke2 Nc7 33. Bh3 f5 34. g4 fxg4 35. Bxg4 Re7 36. Rd8 Nxb5 37. Kd3 Nc7 38. f3 h5 39. Bh3 Rf7 40. Bg2 a5 41. h4 b5 42. Rb8 b4 43. e4 Ne6 44. Ke3 Nf4 45. Bf1 dxe4 46. fxe4 Nd5+ 47. exd5 Rxf1 48. d6 Rf7 49. Ke4 g5 50. hxg5 h4 51. Ke5 h3 52. Ke6 h2 0-1


[Site "https://www.chess.com"]

[Event "Titled Tuesday Blitz November 08 Early 2022"]
[White "Zemlyanskii, Ivan"]
[Black "Nurmanova, Alua"]
[WhiteFideId "24249971"]
[BlackFideId "13729390"]
[WhiteElo "2107"]
[BlackElo "2120"]
[Result "0-1"]
[Round "10"]
[TimeControl "180+1"]
[Date "2022.11.09"]
[WhiteClock "0:00:22"]
[BlackClock "0:01:17"]

1. d4 Nf6 2. c4 g6 3. Nc3 Bg7 4. e4 d6 5. Nf3 O-O 6. Be2 e5 7. O-O Nc6 8. d5 Ne7 9. Ne1 Ne8 10. Nd3 f5 11. f3 f4 12. c5 g5 13. b4 h5 14. a4 Ng6 15. a5 Kh8 16. Kh1 Rg8 17. Nf2 Nh4 18. g3 fxg3 19. hxg3 Ng6 20. Kg2 Bf8 21. Rh1 h4 22. c6 bxc6 23. dxc6 Kg7 24. Bc4 Rh8 25. Qd5 Qf6 26. Be3 Qe7 27. Qd2 Nf4+ 28. gxf4 gxf4 0-1


[Site "https://www.chess.com"]

[Event "Titled Tuesday Blitz November 08 Early 2022"]
[White "Adewumi, Tanitoluwa"]
[Black "Forgacs, Attila Jr."]
[WhiteFideId "30966396"]
[BlackFideId "773654"]
[WhiteElo "2544"]
[BlackElo "2168"]
[Result "1-0"]
[Round "11"]
[TimeControl "180+1"]
[Date "2022.11.09"]
[WhiteClock "0:00:03"]
[BlackClock "0:00:02"]

1. e4 e5 2. Nf3 Nc6 3. Nc3 Nf6 4. Bb5 Bd6 5. O-O O-O 6. Bxc6 dxc6 7. d3 Re8 8. Ne2 h6 9. Ng3 Be6 10. Be3 Nd7 11. h3 c5 12. Nd2 b6 13. Nf5 Bf8 14. Qf3 Qf6 15. Ng3 Qg6 16. Qh5 Qxh5 17. Nxh5 g6 18. Ng3 f5 19. f4 exf4 20. Bxf4 fxe4 21. Ngxe4 Rac8 22. Rae1 Bd5 23. a3 Kh7 24. Bh2 Bg7 25. b3 Bd4+ 26. Kh1 Kg7 27. c4 Bc6 28. Nf3 Nf6 29. Nxd4 Bxe4 30. dxe4 cxd4 31. e5 Nd7 32. e6 Nc5 33. Be5+ Kg8 34. Bxd4 Nxe6 35. Bc3 g5 36. b4 Nf4 37. Rxe8+ Rxe8 38. h4 Re3 39. Bd2 Rxa3 40. hxg5 hxg5 41. c5 bxc5 42. bxc5 Ra4 43. g3 Ne6 44. Rf5 Kg7 45. Bc3+ Kg6 46. Rf6+ Kh5 47. Rxe6 Kg4 48. Re3 Ra2 49. Be5 c6 50. Kg1 a5 51. Kf1 Rc2 52. Ke1 Rxc5 53. Kd2 Rd5+ 54. Kc3 a4 55. Kc4 Rd1 56. Kb4 Rf1 57. Kxa4 Rf7 58. Kb4 Rb7+ 59. Kc5 Rb1 60. Kxc6 Rc1+ 61. Kd5 Rf1 62. Ke4 Rf8 63. Re2 Rf1 64. Re3 Rf8 65. Bd4 Rf1 66. Kd3 Rf7 67. Ke2 Rf8 68. Bc3 Rf7 69. Bd2 Rf8 70. Rd3 Rf5 71. Be1 Re5+ 72. Kf1 Rf5+ 73. Bf2 Kh3 74. Rd4 Rf7 75. Rd8 Kg4 76. Kg2 Rf8 77. Rxf8 1-0


[Site "https://www.chess.com"]

[Event "Titled Tuesday Blitz November 08 Early 2022"]
[White "Adnan, Habib"]
[Black "Koridze, Lile"]
[WhiteFideId "11202270"]
[BlackFideId "13612514"]
[WhiteElo "2110"]
[BlackElo "2050"]
[Result "0-1"]
[Round "11"]
[TimeControl "180+1"]
[Date "2022.11.09"]
[WhiteClock "0:00:57"]
[BlackClock "0:01:41"]

1. d4 Nf6 2. c4 e6 3. g3 d5 4. Bg2 Bb4+ 5. Bd2 Be7 6. Nf3 O-O 7. O-O c6 8. Qc2 b6 9. Bf4 Bb7 10. Nc3 Nbd7 11. e4 dxe4 12. Nxe4 Nxe4 13. Qxe4 Nf6 14. Qe2 c5 15. Rfd1 cxd4 16. Nxd4 Qc8 17. Bxb7 Qxb7 18. Nb5 Rfd8 19. Rxd8+ Rxd8 20. Rd1 h6 21. Nd6 Qc6 22. Nb5 Rxd1+ 23. Qe1 Rxe1# 0-1


[Site "https://www.chess.com"]

[Event "Titled Tuesday Blitz November 08 Early 2022"]
[White "Al-Tarboush, Ward"]
[Black "Stribuk, Artiom"]
[WhiteFideId "7601450"]
[BlackFideId "13515659"]
[WhiteElo "2273"]
[BlackElo "2371"]
[Result "0-1"]
[Round "11"]
[TimeControl "180+1"]
[Date "2022.11.08"]
[WhiteClock "0:00:03"]
[BlackClock "0:00:14"]

1. e4 c5 2. Nf3 Nc6 3. d4 cxd4 4. Nxd4 g6 5. c4 Bg7 6. Be3 Nf6 7. Nc3 O-O 8. Be2 d6 9. O-O Bd7 10. Qd2 Nxd4 11. Bxd4 Bc6 12. f3 a5 13. Rac1 Nd7 14. Nd5 Rc8 15. Bxg7 Kxg7 16. Qd4+ Kg8 17. b3 Bxd5 18. cxd5 Qb6 19. Qxb6 Nxb6 20. Bb5 f5 21. Rfe1 fxe4 22. fxe4 Kg7 23. h3 Kf6 24. Kf2 Ke5+ 25. Ke3 Rf4 26. Bd3 Rc5 27. Rxc5 dxc5 28. g3 Rf8 29. Bb5 Nc8 30. Rc1 b6 31. Bd3 Nd6 32. a3 Rc8 33. Rf1 Ra8 34. a4 Rc8 35. h4 h6 36. g4 c4 37. bxc4 Nxc4+ 38. Bxc4 Rxc4 39. Rb1 Rxe4+ 40. Kd3 Rxa4 41. Rxb6 Rxg4 42. Ra6 a4 43. Ra5 Rxh4 44. Kc3 g5 45. Kc2 Kd6 46. Kd3 h5 47. Ra6+ Ke5 48. Rg6 g4 49. Rg5+ Kd6 50. Kc4 a3 51. Rg6+ Kd7 52. Ra6 g3+ 53. Kc5 g2 54. Ra7+ Ke8 55. d6 g1=Q+ 0-1


[Site "https://www.chess.com"]

[Event "Titled Tuesday Blitz November 08 Early 2022"]
[White "Alhadad, Mahmoud"]
[Black "Mitrabha, Guha"]
[WhiteFideId "11501863"]
[BlackFideId "5057000"]
[WhiteElo "1955"]
[BlackElo "2526"]
[Result "0-1"]
[Round "11"]
[TimeControl "180+1"]
[Date "2022.11.09"]
[WhiteClock "0:00:48"]
[BlackClock "0:00:19"]

1. e4 Nc6 2. Nc3 e5 3. f4 Bc5 4. Nf3 d6 5. Bc4 Nf6 6. d3 O-O 7. f5 Nd4 8. Nxd4 exd4 9. Ne2 d5 10. Bxd5 Nxd5 11. exd5 Qxd5 12. O-O Bxf5 13. Ng3 Bg6 14. Bf4 Bd6 15. Qg4 Rfe8 16. h4 h5 17. Qf3 Qxf3 18. Rxf3 Bxf4 19. Rxf4 c5 20. Raf1 Re5 21. Ne4 Rae8 22. Ng5 f6 23. Nf3 Re2 24. g4 hxg4 25. Rxg4 Bh5 26. Rg3 Bxf3 27. Rfxf3 Rd2 28. Rxf6 Re1+ 29. Rf1 Rxf1+ 30. Kxf1 Rxc2 31. Rg2 Rxg2 32. Kxg2 Kf7 33. Kf3 Ke6 34. Ke4 b5 35. b3 a5 36. a3 a4 37. b4 cxb4 38. Kxd4 bxa3 39. Kc3 b4+ 40. Kxb4 a2 41. Kc5 a1=Q 42. d4 Qc3+ 43. Kb6 Kd5 44. h5 Qc6+ 45. Ka5 Kc4 46. h6 Qb5# 0-1


[Site "https://www.chess.com"]

[Event "Titled Tuesday Blitz November 08 Early 2022"]
[White "Andreikin, Dmitry"]
[Black "Martinez Alcantara, Jose Eduardo"]
[WhiteFideId "4158814"]
[BlackFideId "3805662"]
[WhiteElo "2736"]
[BlackElo "2705"]
[Result "1/2-1/2"]
[Round "11"]
[TimeControl "180+1"]
[Date "2022.11.08"]
[WhiteClock "0:02:55"]
[BlackClock "0:02:53"]

1. e4 e5 2. Nf3 Nf6 3. Nc3 Nc6 4. d4 exd4 5. Nxd4 Bb4 6. Nxc6 bxc6 7. Bd3 O-O 8. O-O d5 9. Bd2 Bxc3 10. Bxc3 Nxe4 1/2-1/2


[Site "https://www.chess.com"]

[Event "Titled Tuesday Blitz November 08 Early 2022"]
[White "Antonova, Nadezhda"]
[Black "Ronka, Erik"]
[WhiteFideId "14700182"]
[BlackFideId "505080"]
[WhiteElo "1813"]
[BlackElo "2264"]
[Result "1/2-1/2"]
[Round "11"]
[TimeControl "180+1"]
[Date "2022.11.09"]
[WhiteClock "0:00:08"]
[BlackClock "0:00:09"]

1. Nf3 Nf6 2. b3 g6 3. Bb2 Bg7 4. g3 O-O 5. Bg2 d6 6. d4 c5 7. O-O cxd4 8. Nxd4 d5 9. Nf3 Nc6 10. c4 dxc4 11. bxc4 Be6 12. Nbd2 Rc8 13. Rc1 Qa5 14. Qb3 Qa6 15. Qb5 Rfd8 16. Qxa6 bxa6 17. Nb3 Nb4 18. a3 Nc6 19. Nc5 Bf5 20. Nxa6 Na5 21. c5 Be4 22. Be5 Nd7 23. Bc7 Rxc7 24. Nxc7 Nb3 25. Rc4 Bc6 26. Rd1 Rc8 27. Na6 Bb5 28. Rc2 Bxa6 29. Rxd7 Bb5 30. Rxa7 g5 31. Rxe7 g4 32. Nh4 Nd4 33. Ra2 Bc4 34. Rd2 Nb3 35. Rd1 Bf8 36. Re4 Bxc5 37. Rxg4+ Kf8 38. Rxc4 Bxf2+ 39. Kxf2 Rxc4 40. Nf5 Ra4 41. Ne3 Nc5 42. Nd5 Rxa3 43. Nf6 Ne6 44. Nd7+ Ke7 45. Ne5 Ra2 46. Nf3 Ng7 47. Rb1 Ra7 48. Rb7+ Rxb7 49. Ng5 Rb2 50. Ne4 Ne6 51. h4 f5 52. Nc3 Nd4 53. Nd5+ Kd6 54. Nf4 Ne6 55. Nh5 Rb8 56. Nf6 Nd4 57. Nxh7 Rb2 58. Bf3 Ke5 59. Ng5 f4 60. g4 Ne6 61. Nxe6 Kxe6 62. g5 Kf5 63. Kf1 Rb1+ 64. Kf2 Rb2 65. Ke1 Rb6 66. Kd2 Rb8 67. Ke1 Rh8 68. h5 Kxg5 69. Kf2 Kh4 70. Kf1 Kg3 71. Ke1 Kh4 72. Kd2 Kg5 73. Kd3 Rd8+ 74. Ke4 Re8+ 75. Kd5 Kf5 76. Kd6 Rd8+ 77. Ke7 Rh8 78. Kf7 Kg5 79. Kg7 Rh6 80. Kf7 Rb6 81. Kg7 Ra6 82. Kf7 Ra7+ 83. Ke6 Ra6+ 84. Ke5 Ra5+ 85. Ke6 Ra6+ 86. Ke5 Ra7 87. Ke6 Rc7 88. Ke5 Rc3 89. Ke4 Re3+ 90. Kd4 Kf5 91. Kd5 Re8 92. Kd4 Rd8+ 93. Kc3 Ke5 94. Kc4 Rd6 95. Kc5 Rh6 96. Kc4 Rh8 97. Kc5 Rc8+ 98. Kb4 Kd4 99. Kb5 Ke5 100. Kb4 Kf5 101. Kb5 Kg5 102. Kb4 Rh8 103. Kc3 Rxh5 104. Bxh5 Kxh5 105. Kd4 Kg4 106. Ke4 Kg3 107. Kf5 f3 108. exf3 Kxf3 1/2-1/2


[Site "https://www.chess.com"]

[Event "Titled Tuesday Blitz November 08 Early 2022"]
[White "Arabidze, Meri"]
[Black "Makridis, Dimitrios"]
[WhiteFideId "13604040"]
[BlackFideId "25864475"]
[WhiteElo "2403"]
[BlackElo "2272"]
[Result "1-0"]
[Round "11"]
[TimeControl "180+1"]
[Date "2022.11.09"]
[WhiteClock "0:00:17"]
[BlackClock "0:00:11"]

1. Nf3 Nf6 2. d4 e6 3. g3 c5 4. Bg2 Nc6 5. c4 cxd4 6. Nxd4 Bb4+ 7. Nc3 O-O 8. O-O d5 9. cxd5 exd5 10. Bg5 Be7 11. e3 Nxd4 12. Qxd4 Be6 13. Rfd1 h6 14. Bxf6 Bxf6 15. Qb4 Bxc3 16. Qxc3 Qd7 17. Rd4 Rac8 18. Qd2 Rc5 19. Rd1 Qb5 20. b3 Rfc8 21. Bxd5 Rc2 22. Bc4 Qf5 23. Qxc2 Qxc2 24. Rd8+ Kh7 25. Bd3+ g6 26. Bxc2 Rxc2 27. R8d2 Rc7 28. Kg2 Kg7 29. f3 h5 30. e4 g5 31. Kf2 f6 32. f4 Bg4 33. Re1 gxf4 34. gxf4 Rc3 35. Re3 Rc1 36. e5 fxe5 37. fxe5 Be6 38. Rd6 Kf7 39. Rf3+ Ke7 40. Rf6 Rc2+ 41. Kg3 Bg4 42. Rh6 Rc3+ 43. Kh4 Rc2 44. Rh7+ Ke8 45. Rg6 Rxh2+ 46. Kg5 Kf8 47. e6 Re2 48. Rf7+ Ke8 49. Rg8# 1-0


[Site "https://www.chess.com"]

[Event "Titled Tuesday Blitz November 08 Early 2022"]
[White "Artemiev, Vladislav"]
[Black "Harshavardhan G B"]
[WhiteFideId "24101605"]
[BlackFideId "25059009"]
[WhiteElo "2802"]
[BlackElo "2333"]
[Result "1-0"]
[Round "11"]
[TimeControl "180+1"]
[Date "2022.11.08"]
[WhiteClock "0:00:24"]
[BlackClock "0:00:16"]

1. Nf3 Nf6 2. Ng1 g6 3. Nf3 Bg7 4. g3 O-O 5. Bg2 d6 6. O-O e5 7. d3 Nc6 8. Nc3 h6 9. e4 Be6 10. Re1 Qd7 11. Be3 Rae8 12. d4 Bg4 13. dxe5 Nxe5 14. Nxe5 dxe5 15. Qxd7 Nxd7 16. Nb5 c6 17. Nd6 Ra8 18. f3 Be6 19. Red1 b6 20. Bf1 Rfd8 21. Bc4 Nf8 22. Bxe6 Nxe6 23. c3 Bf8 24. Nc4 f6 25. b4 Kf7 26. a4 Ke8 27. Kf2 h5 28. Ke2 Rab8 29. Rxd8+ Rxd8 30. Nd2 c5 31. b5 Nc7 32. Nc4 Kf7 33. f4 exf4 34. Bxf4 Ne6 35. a5 g5 36. axb6 axb6 37. Ra7+ Kg6 38. Bc7 Nxc7 39. Rxc7 Ra8 40. Nxb6 Ra2+ 41. Kd3 Rb2 42. Nd7 Bd6 43. Rc6 Be7 44. b6 Rxh2 45. b7 Rb2 46. b8=Q Rxb8 47. Nxb8 h4 48. gxh4 gxh4 49. Ke2 h3 50. Kf3 h2 51. Kg2 h1=Q+ 52. Kxh1 1-0


[Site "https://www.chess.com"]

[Event "Titled Tuesday Blitz November 08 Early 2022"]
[White "Avazkhonov, Alikhon"]
[Black "Parpiev, Isaak"]
[WhiteFideId "14208504"]
[BlackFideId "34281576"]
[WhiteElo "1739"]
[BlackElo "2094"]
[Result "0-1"]
[Round "11"]
[TimeControl "180+1"]
[Date "2022.11.09"]
[WhiteClock "0:00:01"]
[BlackClock "0:00:55"]

1. d4 Nf6 2. c4 g6 3. Nc3 Bg7 4. e4 O-O 5. f3 c5 6. dxc5 Na6 7. Be3 Qc7 8. Nb5 Qc6 9. Ne2 Nxc5 10. Ned4 Qb6 11. b4 Na6 12. Nf5 Qd8 13. Nxg7 Kxg7 14. e5 Ne8 15. Qd2 Kg8 16. c5 d5 17. cxd6 exd6 18. Nxd6 Nxd6 19. exd6 Re8 20. O-O-O Nxb4 21. Qxb4 Rxe3 22. Qd4 Re8 23. d7 Bxd7 24. Qxd7 Rc8+ 25. Kb1 Qb6+ 26. Ka1 Qf6+ 27. Qd4 Rc1+ 28. Kb2 Qxd4+ 29. Rxd4 Ree1 30. Rd7 Rxf1 31. Rxf1 Rxf1 32. Rxb7 Rf2+ 33. Kb3 a5 34. a4 Rxg2 35. h4 Rg3 36. Kc4 Rxf3 37. Kb5 Rf5+ 38. Ka6 h6 39. Rb5 Rf4 40. Kxa5 Rxh4 41. Rb4 Rh1 42. Kb6 Ra1 43. a5 h5 44. a6 Kg7 45. Kb7 g5 46. a7 g4 47. a8=Q Rxa8 48. Kxa8 f5 49. Kb7 Kf6 50. Kc6 Ke5 51. Kc5 h4 52. Rb2 h3 53. Re2+ Kf4 54. Kd4 g3 55. Kd3 h2 56. Re1 g2 0-1


[Site "https://www.chess.com"]

[Event "Titled Tuesday Blitz November 08 Early 2022"]
[White "Begunov, Konstantin"]
[Black "Mazzilli, Piero"]
[WhiteFideId "4118510"]
[BlackFideId "807087"]
[WhiteElo "2140"]
[BlackElo "2291"]
[Result "0-1"]
[Round "11"]
[TimeControl "180+1"]
[Date "2022.11.09"]
[WhiteClock "0:00:15"]
[BlackClock "0:00:43"]

1. d4 d5 2. c4 e6 3. Nc3 c6 4. cxd5 exd5 5. Nf3 Bd6 6. Bg5 Ne7 7. Qc2 h6 8. Bxe7 Qxe7 9. Nxd5 Qd8 10. Nc3 O-O 11. e3 Re8 12. Be2 Bg4 13. O-O Nd7 14. a3 a5 15. Na4 Qc7 16. h3 Bh5 17. Rac1 Rad8 18. Rfd1 Bf8 19. d5 c5 20. Nc3 Bxf3 21. Bxf3 Ne5 22. Be2 Bd6 23. Nb5 Qb8 24. Nxd6 Rxd6 25. Qxc5 b6 26. Qc7 Qxc7 27. Rxc7 Red8 28. e4 g6 29. f4 Nd7 30. Bf3 Nc5 31. e5 R6d7 32. Rc6 Rb8 33. b4 axb4 34. axb4 Na6 35. Rb1 Nc7 36. d6 Ne6 37. g3 Nd4 38. Rc3 g5 39. Bd5 Ne2+ 40. Kf2 Nxc3 41. Bxf7+ Rxf7 42. Rb3 Nd5 43. Rd3 Nxb4 44. Rd4 Nc6 45. e6 Nxd4 0-1


[Site "https://www.chess.com"]

[Event "Titled Tuesday Blitz November 08 Early 2022"]
[White "Belozerov, Andrei"]
[Black "Tifferet, Shaked"]
[WhiteFideId "4120213"]
[BlackFideId "2811529"]
[WhiteElo "2360"]
[BlackElo "2142"]
[Result "1-0"]
[Round "11"]
[TimeControl "180+1"]
[Date "2022.11.09"]
[WhiteClock "0:01:08"]
[BlackClock "0:00:03"]

1. e4 c5 2. Nc3 b6 3. d4 cxd4 4. Qxd4 Nc6 5. Qd2 Bb7 6. b3 e6 7. Bb2 Nf6 8. O-O-O Bb4 9. f3 Qe7 10. Kb1 h6 11. a3 Bxc3 12. Qxc3 Rc8 13. Qd2 O-O 14. g4 d5 15. h4 dxe4 16. g5 Rfd8 17. Qe1 Rxd1+ 18. Qxd1 Nh5 19. Qe1 hxg5 20. hxg5 Qxg5 21. Nh3 Qg3 22. Qxe4 Nd8 23. Qa4 Qxf3 24. Qe8+ Kh7 25. Ng5+ Kg6 26. Nxf3 Bxf3 27. Bd3+ Kg5 28. Rg1+ Kf4 29. Qd7 Ra8 30. Qd6+ Ke3 31. Qd4+ 1-0


[Site "https://www.chess.com"]

[Event "Titled Tuesday Blitz November 08 Early 2022"]
[White "Berdychevskaya, Natasha"]
[Black "Gulevich, Artem"]
[WhiteFideId "4159322"]
[BlackFideId "24119580"]
[WhiteElo "2108"]
[BlackElo "2218"]
[Result "1-0"]
[Round "11"]
[TimeControl "180+1"]
[Date "2022.11.09"]
[WhiteClock "0:00:15"]
[BlackClock "0:00:06"]

1. d4 d5 2. Bf4 Nf6 3. e3 e6 4. Nf3 c5 5. c3 Bd6 6. Bg3 Qc7 7. Bd3 Nbd7 8. Nbd2 e5 9. dxe5 Nxe5 10. Nxe5 Bxe5 11. Bxe5 Qxe5 12. h3 O-O 13. O-O Rd8 14. Qc2 Be6 15. Rfe1 Rac8 16. Rad1 b6 17. a4 Qg5 18. Nf3 Qh5 19. Be2 Bf5 20. Qb3 Qh6 21. c4 Be4 22. cxd5 Bxd5 23. Qc2 Qg6 24. Qxg6 hxg6 25. Ba6 Rb8 26. Ne5 Bb3 27. Rxd8+ Rxd8 28. Bc4 Bxc4 29. Nxc4 Kf8 30. Kf1 Ke7 31. Ke2 Nd5 32. Rd1 f6 33. g3 g5 34. e4 Nb4 35. Rxd8 Kxd8 36. Ke3 Ke7 37. f4 gxf4+ 38. gxf4 Ke6 39. h4 Nc6 40. h5 Nd4 41. f5+ Ke7 42. Kf4 Ne2+ 43. Ke3 Nd4 44. Kf4 Nc6 45. e5 Nb4 46. e6 Nd3+ 47. Ke3 Nb4 48. Ke4 Nc6 49. Ne3 Nb4 50. Nd5+ Kd6 51. Nxb4 cxb4 52. Kd4 a5 53. Kc4 Kc6 54. b3 Kd6 55. Kb5 Kc7 56. Ka6 Kc6 57. Ka7 Kc7 58. Ka6 Kc6 59. e7 Kd7 60. Kxb6 Kxe7 61. Kxa5 Kd6 62. Kb6 Ke5 63. a5 Kxf5 64. a6 Kg5 65. a7 1-0


[Site "https://www.chess.com"]

[Event "Titled Tuesday Blitz November 08 Early 2022"]
[White "Besedes, Danilo"]
[Black "Artemenko, Oleg"]
[WhiteFideId "946796"]
[BlackFideId "14201798"]
[WhiteElo "2352"]
[BlackElo "2287"]
[Result "0-1"]
[Round "11"]
[TimeControl "180+1"]
[Date "2022.11.09"]
[WhiteClock "0:00:09"]
[BlackClock "0:01:25"]

1. Nf3 d5 2. e3 Nf6 3. b3 g6 4. Bb2 Bg7 5. g3 O-O 6. Bg2 Nbd7 7. O-O Re8 8. d4 c6 9. c4 Ne4 10. Nc3 Nxc3 11. Bxc3 dxc4 12. bxc4 Qc7 13. Qb3 e5 14. Rfd1 exd4 15. exd4 Nb6 16. Ba5 Be6 17. Ng5 Bg4 18. Rd2 Qe7 19. Ne4 Rad8 20. Bb4 Qe6 21. Rc1 Rxd4 22. Rxd4 Bxd4 23. Nd6 Re7 24. Qd3 c5 25. Re1 Qxd6 26. Rxe7 Qxe7 27. Qxd4 cxd4 28. Bxe7 d3 29. Bb4 Nxc4 30. f3 Bd7 31. Kf2 a5 32. Bc3 b5 33. Bf1 b4 34. Bd4 d2 35. Be2 Ba4 0-1


[Site "https://www.chess.com"]

[Event "Titled Tuesday Blitz November 08 Early 2022"]
[White "Bon, Michael"]
[Black "Mendez Fortes, Eduardo Jesus"]
[WhiteFideId "620696"]
[BlackFideId "3502376"]
[WhiteElo "2325"]
[BlackElo "2307"]
[Result "0-1"]
[Round "11"]
[TimeControl "180+1"]
[Date "2022.11.09"]
[WhiteClock "0:00:01"]
[BlackClock "0:01:29"]

1. e4 e5 2. Nf3 Nc6 3. Nc3 Nf6 4. Bb5 Bb4 5. O-O O-O 6. d3 d6 7. Ne2 h6 8. c3 Ba5 9. Ng3 Ne7 10. d4 c6 11. Bd3 Bc7 12. h3 Ng6 13. Re1 Re8 14. Be3 b5 15. Qc2 a5 16. Rad1 Bd7 17. a4 Qb8 18. axb5 cxb5 19. Bf1 Qb7 20. dxe5 dxe5 21. Nh5 Bd8 22. Nxf6+ Bxf6 23. Rd6 Bc6 24. Bxh6 Be7 25. Rxg6 fxg6 26. Bg5 Bxg5 27. Nxg5 Qe7 28. Qb3+ Kh8 29. h4 Rf8 30. g3 Qf6 31. Qc2 Rad8 32. Re3 Qe7 33. Qe2 Rf6 34. Bh3 Rdf8 35. f3 a4 36. Kg2 Ba8 37. Rd3 b4 38. cxb4 Qxb4 39. Rd7 Rb8 40. Rd2 Qe7 41. Bg4 Rfb6 0-1


[Site "https://www.chess.com"]

[Event "Titled Tuesday Blitz November 08 Early 2022"]
[White "Bongo Akanga Ndjila, Barthelemy"]
[Black "Joubert, Dantelle"]
[WhiteFideId "10609431"]
[BlackFideId "14310813"]
[WhiteElo "1768"]
[BlackElo "1507"]
[Result "0-1"]
[Round "11"]
[TimeControl "180+1"]
[Date "2022.11.09"]
[WhiteClock "0:01:06"]
[BlackClock "0:00:55"]

1. d4 d5 2. c4 c6 3. Nc3 Nf6 4. Nf3 e6 5. Bg5 Nbd7 6. e3 Qa5 7. Bxf6 Nxf6 8. Nd2 Bd6 9. Bd3 dxc4 10. Nxc4 Qc7 11. Nxd6+ Qxd6 12. O-O O-O 13. Rc1 e5 14. Bb1 exd4 15. exd4 Bg4 16. f3 Bh5 17. Ne4 Qd8 18. Rc5 Bg6 19. Nxf6+ Qxf6 20. Bxg6 Qxg6 21. d5 Rad8 22. Qb3 cxd5 23. Rxd5 Rxd5 24. Qxd5 Qb6+ 25. Rf2 Rd8 26. Qb3 Qxb3 27. axb3 Rd3 28. Rc2 g6 29. Rc8+ Kg7 30. Rc3 Rd1+ 31. Kf2 Rd2+ 32. Kg3 Rxb2 33. h4 h5 34. Kh3 Kf6 35. g4 hxg4+ 36. fxg4 a5 37. Kg3 b5 38. Rc6+ Kg7 39. Rc3 b4 40. Rd3 Rc2 41. Kf4 Rc3 42. Rd5 Rxb3 43. Rxa5 Rb1 44. g5 b3 45. Kg3 b2 46. Kg2 Rc1 0-1


[Site "https://www.chess.com"]

[Event "Titled Tuesday Blitz November 08 Early 2022"]
[White "Brown, Andrew"]
[Black "Sanchez, Robert"]
[WhiteFideId "3206513"]
[BlackFideId "2034360"]
[WhiteElo "2245"]
[BlackElo "2366"]
[Result "1-0"]
[Round "11"]
[TimeControl "180+1"]
[Date "2022.11.09"]
[WhiteClock "0:00:05"]
[BlackClock "0:00:02"]

1. d4 Nf6 2. c4 e6 3. Nc3 Bb4 4. g3 Nc6 5. Bg2 O-O 6. d5 Ne7 7. e4 e5 8. Be3 d6 9. h3 Ng6 10. Ne2 Nd7 11. a3 Bc5 12. Qd2 a5 13. O-O h6 14. Na4 Bxe3 15. Qxe3 Ne7 16. c5 f5 17. Rac1 f4 18. gxf4 exf4 19. Nxf4 Ne5 20. cxd6 Qxd6 21. Ne2 b6 22. f4 N5g6 23. Nac3 Ba6 24. e5 Qd8 25. d6 cxd6 26. Bxa8 Qxa8 27. exd6 Nf5 28. Qe6+ Kh7 29. Rf2 Ngh4 30. d7 Rf6 31. Qe8 Rg6+ 32. Kh2 Rg2+ 33. Kh1 Rxf2+ 34. Qxa8 Rxe2 35. Nxe2 1-0


[Site "https://www.chess.com"]